 Dungeon Crawl Stone Soup version 0.23.2-30-g0e89c35649 (webtiles) character file.

Game seed: 11685547008299478381

135293 Cykl0x the Peltast (level 17, -4/140 HPs)
             Began as a Formicid Fighter on June 16, 2019.
             Was the Champion of Makhleb.
             Slain by a frost giant (illusionary)
             ... wielding a +0 battleaxe of freezing
              (16 damage)
             ... on level 1 of the Depths.
             The game lasted 01:35:03 (25670 turns).

Cykl0x the Peltast (Formicid Fighter)              Turns: 25670, Time: 01:35:03

Health: -4/140     AC: 22    Str: 37    XL:     17   Next: 77%
Magic:  17/17      EV: 14    Int:  8    God:    Makhleb [******]
Gold:   2901       SH: 31    Dex: 20    Spells: 16/16 levels left

rFire    + . .     SeeInvis +   D - +6 scimitar (flame)
rCold    . . .     Gourm    .   T - +2 large shield
rNeg     . . .     Faith    .   G - +3 plate armour {MR+}
rPois    +         Spirit   .   (helmet unavailable)
rElec    .         Reflect  +   U - scarf {cloud immunity}
rCorr    .         Harm     .   (no gloves)
MR       ++...                  o - +1 pair of boots "Rin Muobb" {Dex+3}
Stlth    ..........             p - +3 amulet of reflection
HPRegen  0.33/turn              K - ring of Vosmugo {rPois Str+4 Dex+6}
MPRegen  0.15/turn              I - ring "Zoes" {rPois rF+ EV+1 Str+3 Int-2}

@: mighty
A: permanent stasis, dig shafts and tunnels, four strong arms, antennae 3,
talons 1, molten scales 1
a: Dig, Shaft Self, Minor Destruction, Lesser Servant of Makhleb, Major
Destruction, Greater Servant of Makhleb, Renounce Religion


You were on level 1 of the Depths.
You worshipped Makhleb.
Makhleb was exalted by your worship.
You were not hungry.

You visited 5 branches of the dungeon, and saw 25 of its levels.
You also visited: Bailey, Gauntlet and Ice Cave.

You collected 3541 gold pieces.
You spent 640 gold pieces at shops.

Inventory:

Hand Weapons
 k - a +4 triple sword of venom
 D - a +6 scimitar of flaming (weapon)
 M - a +2 glaive
Missiles
 x - 9 javelins (quivered)
 z - 36 tomahawks
Armour
 o - the +1 pair of boots "Rin Muobb" (worn) {Dex+3}
   (You found it in a Gauntlet)

   It affects your dexterity (+3).
 G - a +3 plate armour of magic resistance (worn)
 T - a +2 large shield (worn)
 U - a scarf of cloud immunity (worn)
Jewellery
 b - a +1 ring of evasion
 g - an uncursed ring of protection from fire
 i - an uncursed amulet of guardian spirit
 p - a +3 amulet of reflection (around neck)
 s - a +4 ring of dexterity
 w - the amulet of Xom's Favour {Spirit rC+ MR+ Dex+4}
   (You found it on level 8 of the Dungeon)

   [amulet of guardian spirit]

   It causes incoming damage to be split between your health and magic.
   It affects your dexterity (+4).
   It protects you from cold.
   It affects your resistance to hostile enchantments.
 E - an uncursed ring of poison resistance
 H - an uncursed ring of magical power
 I - the ring "Zoes" (right hand) {rPois rF+ EV+1 Str+3 Int-2}
   (You found it in an ice cave)

   [ring of evasion]

   It affects your evasion (+1).
   It affects your strength (+3).
   It affects your intelligence (-2).
   It protects you from fire.
   It protects you from poison.
 J - an uncursed ring of protection from cold
 K - the ring of Vosmugo (left hand) {rPois Str+4 Dex+6}
   (You found it in an ice cave)

   [ring of poison resistance]

   It affects your strength (+4).
   It affects your dexterity (+6).
   It protects you from poison.
 V - an uncursed ring of wizardry
 W - an uncursed ring of protection from magic
 Y - an uncursed amulet of regeneration
Wands
 a - a wand of random effects (20)
 l - a wand of enslavement (37)
 r - a wand of acid (8)
 u - a wand of polymorph (19)
 y - a wand of iceblast (15)
 N - a wand of clouds (5)
 P - a wand of flame (14)
 S - a wand of scattershot (4)
 Z - a wand of paralysis (7)
Scrolls
 h - 10 scrolls of remove curse
 j - a scroll of immolation
 n - 3 scrolls of fog
 q - a scroll of identify
 L - 5 scrolls of fear
Potions
 e - 2 potions of magic
 m - 5 potions of ambrosia
 t - 4 potions of mutation
 v - 2 potions of agility
 A - 2 potions of lignification
 B - 2 potions of brilliance
 C - 2 potions of heal wounds
 F - 2 potions of cancellation
 R - 4 potions of curing
 X - 2 potions of flight
Comestibles
 f - 40 rations


   Skills:
 + Level 14.7 Fighting
 + Level 16.5 Long Blades
 + Level 2.3 Polearms
 + Level 4.1 Throwing
 + Level 11.2 Armour
 + Level 5.7 Dodging
 + Level 5.0 Stealth
 + Level 19.2 Shields
 + Level 1.3 Evocations


You had 16 spell levels left.
You didn't know any spells.
Your spell library contained the following spells:

 Spells                   Type           Power        Failure   Level  Hunger
 Animate Skeleton         Necr           N/A          91%         1    ##.....
 Apportation              Tloc           #.....       91%         1    ##.....
 Confusing Touch          Hex            #.....       91%         1    ##.....
 Sting                    Conj/Pois      #...         91%         1    ##.....
 Summon Small Mammal      Summ           #...         91%         1    ##.....
 Corpse Rot               Necr           N/A          97%         2    ###....
 Ensorcelled Hibernation  Hex/Ice        #.....       97%         2    ###....
 Poisonous Vapours        Pois/Air       #.....       97%         2    ###....
 Conjure Flame            Conj/Fire      #.......     99%         3    ####...
 Mephitic Cloud           Conj/Pois/Air  #.......     99%         3    ####...
 Recall                   Summ/Tloc      N/A          99%         3    ####...
 Stone Arrow              Conj/Erth      #.....       99%         3    ####...
 Animate Dead             Necr           N/A          100%        4    #####..
 Leda's Liquefaction      Hex/Erth       #.........   100%        4    #####..
 Olgreb's Toxic Radiance  Pois           #.......     100%        4    #####..
 Borgnjor's Vile Clutch   Necr/Erth      #.........   100%        5    ######.
 Silence                  Hex/Air        #.........   100%        5    ######.
 Summon Forest            Summ/Tloc      #.........   100%        5    ######.
 Venom Bolt               Conj/Pois      #.........   100%        5    ######.
 Darkness                 Hex            #.........   100%        6    #######
 Death Channel            Necr           #.........   100%        6    #######
 Freezing Cloud           Conj/Ice/Air   #.........   100%        6    #######
 Hydra Form               Tmut           #.........   100%        6    #######
 Shadow Creatures         Summ           N/A          100%        6    #######
 Simulacrum               Ice/Necr       #.........   100%        6    #######
 Ring of Flames           Chrm/Fire      #.........   100%        7    #######
 Summon Hydra             Summ           #.........   100%        7    #######


Dungeon Overview and Level Annotations

Branches:
Dungeon (15/15)            Temple (1/1) D:6            Lair (6/6) D:8
  Swamp (0/4) Lair:2       Spider (0/4) Lair:3        Slime (0/5) Lair:5
    Orc (2/2) D:12            Elf (0/3) Orc:2        Vaults (0/5) D:13
 Depths (1/5) D:15

Altars:
Ashenzari
Cheibriados
Dithmenos
Elyvilon
Fedhas
Gozag
Hepliaklqana
Kikubaaqudgha
Makhleb
Nemelex Xobeh
Okawaru
Qazlal
Ru
Sif Muna
Trog
Uskayaw
Vehumet
Wu Jian
Xom
Yredelemnul
Zin
The Shining One
Beogh
Jiyva

Shops:
D:6 [   D:10 [   D:11 =   Orc:2 [(?}

Annotations:
D:10 1 runed translucent door
Lair:3 exclusion: 4 oklob plants


Innate Abilities, Weirdness & Mutations

You cannot be hasted, slowed, berserked, paralysed or teleported.
You can dig through walls and to a lower floor.
Your four strong arms can wield two-handed weapons with a shield.
You have a pair of large antennae on your head. (SInv)
You have sharp toenails.
You are partially covered in molten scales. (AC +2)


Message History

You block the frost giant's attack.
You hit the frost giant but do no damage.
The frost giant is heavily wounded.
The fire giant hits you with a +3 great sword of flaming!!
* * * LOW HITPOINT WARNING * * *
The fire giant burns you.
* * * LOW HITPOINT WARNING * * *
The rakshasa blinks!
You hear a shout!
You feel much better.
You hear a shout!
The frost giant casts a spell at you. The bolt of cold hits you!!
* * * LOW HITPOINT WARNING * * *
You block the frost giant's attack.
The fire giant hits you but does no damage.
You slice the frost giant!! You burn the frost giant!
The frost giant is almost dead.
The frost giant hits you with a +0 battleaxe of freezing!
You die...

.......
...........#
.#####.
...#######.#
...# #.# .#.#
. {#.#
...#... { #.#
....# #.#
.#.#.# #.#
.#..#..
#.#.#######.#
.#..# .
#%.QC@C.)..#
#.#..
#..####C#.#.#
#..###
#{#.##.# ..##
#.......# #.#
#...####.#
##.# #### ..#
. ... { ..#
## ### .# #


You could see 2 frost giants, a fire giant and a tengu warrior.

Vanquished Creatures
  Saint Roka (Orc:2)
  A lich (D:10)
  Jorgrun (D:12)
  Kirke (D:12)
  An orc warlord (Orc:2)
  2 fire giants
  2 stone giants (D:15)
  A vampire knight (D:15)
  A minotaur (Gauntlet)
  2 fire dragons
  A quicksilver dragon zombie (Depths:1)
  2 ice dragons (IceCv)
  A rakshasa (D:13)
  7 hydras
  8 vault guards (D:13)
  The ghost of Renjy the Spear-Bearer, a journeyman OpFE of Hepliaklqana (D:10)
  A catoblepas (Lair:6)
  A death knight (D:11)
  9 two-headed ogres
  A centaur warrior (Depths:1)
  An ogre mage (D:15)
  Erica (D:9)
  Urug (D:12)
  3 deep troll shamans
  2 deep troll earth magi (D:15)
  A vampire mage (Depths:1)
  11 death yaks (Lair:6)
  An orc high priest (Orc:2)
  A dancing weapon (Orc:1)
  Nergalle (D:11)
  6 skeletal warriors
  4 hell knights
  An unseen horror (D:13)
  A flayed ghost (D:15)
  A deep troll (D:15)
  A lindwurm (Lair:6)
  4 necromancers
  2 wizards (D:14)
  A tengu zombie (D:15)
  2 phantasmal warriors (D:15)
  9 orc knights
  A manticore (D:15)
  7 ugly things
  4 orc sorcerers
  A deep elf mage (D:13)
  A salamander (Depths:1)
  A wolf spider (Lair:3)
  4 elephants
  Joseph (Lair:1)
  2 ice statues (IceCv)
  Psyche (D:8)
  A black mamba (Lair:3)
  A gargoyle (D:12)
  2 centaur zombies
  2 freezing wraiths (D:11)
  2 kobold demonologists
  5 komodo dragons
  5 centaur skeletons
  13 spiny frogs
  4 rime drakes
  An efreet (D:14)
  A guardian mummy (D:15)
  8 trolls
  A queen bee (D:9)
  A hornet (D:11)
  A jumping spider (Lair:3)
  9 polar bears
  A harpy zombie (D:11)
  17 blink frogs
  A wolf spider simulacrum (D:14)
  13 hippogriffs
  A raiju (Gauntlet)
  5 dream sheep (Lair:6)
  10 slime creatures
  3 deep troll zombies (D:15)
  A fire dragon zombie (Depths:1)
  A redback (Lair:3)
  A redback (shapeshifter) (D:13)
  3 centaur simulacra (D:11)
  3 vampires
  5 shadows
  3 fire bats (D:15)
  5 wyverns
  4 basilisks
  6 hogs (D:12)
  34 yaks
  A deep troll skeleton (Depths:1)
  A hog (shapeshifter) (D:15)
  A hungry ghost (D:13)
  An elf zombie (Depths:1)
  4 wraiths
  A steam dragon (D:14)
  3 vampire mosquitoes (D:14)
  3 insubstantial wisps (Lair:2)
  3 wargs
  A soldier ant (D:15)
  5 acid dragons
  16 water moccasins
  8 porcupines
  Duvessa (D:6)
  21 ice beasts
  A meliai simulacrum (D:11)
  49 orc warriors
  4 sky beasts
  A necrophage (D:9)
  2 eyes of draining
  2 black bears (D:9)
  14 ogres
  3 centaurs
  19 wolves
  10 crocodiles
  20 bullfrogs
  5 big kobolds
  A gnoll sergeant (Orc:1)
  A tengu simulacrum (Depths:1)
  Dowan (D:6)
  A wyvern skeleton (D:14)
  4 scorpions
  20 killer bees
  3 howler monkeys
  An electric eel (D:11)
  6 crimson imps
  5 hounds
  20 orc priests
  5 jellies
  32 orc wizards
  A bullfrog skeleton (D:9)
  6 iguanas
  Terence (D:2)
  2 worker ants (D:6)
  2 lightning spires (Gauntlet)
  A bullfrog simulacrum (D:11)
  A hound skeleton (D:4)
  A howler monkey zombie (D:11)
  3 worker ant zombies
  8 gnolls
  6 adders
  2 shadow imps
  14 white imps (D:11)
  3 worker ant simulacra (D:11)
  2 ufetubi (D:11)
  2 oozes
  3 adder skeletons
  A dart slug (D:1)
  2 leopard geckos (D:3)
  125 orcs
  8 giant cockroaches
  9 goblins
  8 hobgoblins
  9 jackals
  33 kobolds
  4 quokkas
  A ball python (D:3)
  6 bats
  5 frilled lizards
  A jackal skeleton (D:8)
  A jackal zombie (D:8)
  9 rats
  A butterfly (Lair:4)
878 creatures vanquished.

Vanquished Creatures (collateral kills)
  A shadow (Gauntlet)
1 creature vanquished.

Vanquished Creatures (others)
  A stone giant (Depths:1)
  Erolcha (D:11)
  A centaur warrior (Depths:1)
  3 orc warriors (Bailey)
  A centaur (Depths:1)
  3 orcs
  17 fungi
  16 plants
  A withered plant (D:15)
44 creatures vanquished.

Grand Total: 923 creatures vanquished

Notes
Turn   | Place    | Note
-------+----------+-------------------------------------------
     0 | D:1      | Cykl0x the Formicid Fighter began the quest for the Orb.
     0 | D:1      | Reached XP level 1. HP: 18/18 MP: 1/1
    30 | D:1      | Reached XP level 2. HP: 24/24 MP: 2/2
   120 | D:1      | Reached skill level 4 in Shields
   250 | D:1      | Reached XP level 3. HP: 26/29 MP: 3/3
  1036 | D:2      | Reached XP level 4. HP: 36/37 MP: 4/4
  1115 | D:2      | Found a shimmering altar of Xom.
  1221 | D:2      | Reached XP level 5. HP: 39/42 MP: 5/5
  1351 | D:2      | Found a radiant altar of Vehumet.
  1666 | D:2      | Noticed Terence
  1679 | D:2      | Killed Terence
  2045 | D:3      | Reached skill level 5 in Shields
  2179 | D:3      | Reached XP level 6. HP: 41/48 MP: 6/6
  2900 | D:4      | Found a sacrificial altar of Ru.
  2908 | D:4      | Reached skill level 5 in Long Blades
  2933 | D:4      | Noticed an ogre
  2941 | D:4      | Killed an ogre
  2941 | D:4      | Reached skill level 1 in Dodging
  2941 | D:4      | Reached XP level 7. HP: 39/53 MP: 7/7
  3372 | D:5      | Entered Level 5 of the Dungeon
  3946 | D:5      | Found a white marble altar of Elyvilon.
  3953 | D:5      | Found a bloodstained altar of Trog.
  3958 | D:5      | Found a sparkling altar of Nemelex Xobeh.
  3973 | D:5      | Found a deep blue altar of Sif Muna.
  3978 | D:5      | Found an ornate altar of the Wu Jian Council.
  3989 | D:5      | Found a hide-covered altar of Uskayaw.
  3996 | D:5      | Found a blossoming altar of Fedhas.
  4275 | D:6      | Reached XP level 8. HP: 55/60 MP: 8/8
  4302 | D:6      | Noticed Duvessa
  4302 | D:6      | Noticed Dowan
  4323 | D:6      | Killed Duvessa
  4323 | D:6      | Reached skill level 6 in Shields
  4328 | D:6      | Killed Dowan
  4661 | D:6      | Reached skill level 1 in Throwing
  4795 | D:6      | Found Fyshaock's Antique Armour Emporium.
  4878 | D:6      | Found a staircase to the Ecumenical Temple.
  5082 | Temple   | Entered the Ecumenical Temple
  5089 | Temple   | Became a worshipper of Makhleb the Destroyer
  5427 | D:7      | Reached skill level 1 in Stealth
  5446 | D:7      | Found an ancient bone altar of Kikubaaqudgha.
  5900 | D:8      | Reached XP level 9. HP: 61/66 MP: 9/9
  6048 | D:8      | Found a staircase to the Lair.
  6051 | D:8      | Got a fine golden amulet
  6053 | D:8      | Identified the amulet of Xom's Favour {Spirit rC+ MR+
                  | Dex+4} (You found it on level 8 of the Dungeon)
  6061 | D:8      | Noticed Psyche
  6067 | D:8      | Killed Psyche
  6067 | D:8      | Reached skill level 5 in Fighting
  6067 | D:8      | Reached skill level 7 in Shields
  6289 | D:8      | Reached skill level 5 in Armour
  6597 | D:8      | Reached * piety under Makhleb
  7197 | D:9      | Noticed a troll
  7211 | D:9      | Killed a troll
  7211 | D:9      | Reached skill level 8 in Shields
  7211 | D:9      | Reached XP level 10. HP: 30/76 MP: 4/10
  7366 | D:9      | Found a shattered altar of Ashenzari.
  7576 | D:9      | Noticed Erica
  7601 | D:9      | Killed Erica
  8116 | D:9      | Reached skill level 10 in Long Blades
  8121 | D:9      | Reached ** piety under Makhleb
  8160 | D:9      | Reached skill level 9 in Shields
  8668 | D:10     | Entered Level 10 of the Dungeon
  8695 | D:10     | Noticed a two-headed ogre
  8700 | D:10     | Killed a two-headed ogre
  8700 | D:10     | Reached XP level 11. HP: 83/83 MP: 11/11
  8789 | D:10     | Found Diocaqa's Armour Shoppe.
  8898 | D:10     | Noticed Renjy's ghost (journeyman OpFE)
  8899 | D:10     | Noticed a lich
  8901 | D:10     | Noticed a necromancer
  8901 | D:10     | Noticed a fire giant
  8902 | D:10     | Noticed a fire dragon
  8905 | D:10     | Noticed a skeletal warrior
  9350 | D:10     | Found a runed translucent door.
  9350 | D:10     | Found a runed translucent door.
  9355 | D:10     | Noticed a skeletal warrior
  9418 | D:11     | Found a frozen archway.
  9497 | D:11     | Reached *** piety under Makhleb
  9499 | D:11     | Found Gariegetal's Jewellery Boutique.
  9540 | IceCv    | Entered an ice cave
  9609 | IceCv    | Reached skill level 10 in Shields
 10057 | IceCv    | Noticed an ice dragon
 10057 | IceCv    | Noticed an ice dragon
 10069 | IceCv    | Killed an ice dragon
 10071 | IceCv    | Killed an ice dragon
 10089 | IceCv    | Got a clouded glass ring
 10100 | IceCv    | Got a warped jade ring
 10147 | IceCv    | Identified the ring "Zoes" {rPois rF+ EV+1 Str+3 Int-2}
                  | (You found it in an ice cave)
 10149 | IceCv    | Identified the ring of Vosmugo {rPois Str+4 Dex+6} (You
                  | found it in an ice cave)
 10291 | D:11     | Reached XP level 12. HP: 92/92 MP: 10/12
 10341 | D:10     | Bought a +2 plate armour of magic resistance for 520 gold
                  | pieces
 10433 | D:11     | Noticed a death knight
 10464 | D:11     | Killed a death knight
 10464 | D:11     | Reached skill level 5 in Dodging
 10511 | D:11     | Noticed Nergalle
 10515 | D:11     | Reached skill level 11 in Shields
 10520 | D:11     | Killed Nergalle
 10520 | D:11     | Reached **** piety under Makhleb
 10930 | D:11     | Noticed Erolcha
 10956 | D:11     | Killed Erolcha
 10992 | D:11     | Reached ***** piety under Makhleb
 11380 | D:12     | Found a staircase to the Orcish Mines.
 11445 | D:12     | Noticed Urug
 11458 | D:12     | Killed Urug
 11458 | D:12     | Reached XP level 13. HP: 85/101 MP: 10/13
 11543 | D:12     | Noticed Kirke
 11571 | D:12     | Killed Kirke
 11571 | D:12     | Reached skill level 12 in Shields
 11665 | D:12     | Noticed Jorgrun
 11685 | D:12     | Killed Jorgrun
 11685 | D:12     | Reached skill level 10 in Fighting
 11714 | D:12     | Noticed an eight-headed hydra
 11720 | D:12     | Killed a five-headed hydra
 11783 | D:12     | Found a flagged portal.
 11791 | Bailey   | Entered a bailey
 12556 | D:12     | Reached skill level 1 in Polearms
 12771 | D:13     | Found a gate to the Vaults.
 12771 | D:13     | Noticed a vault guard
 12771 | D:13     | Noticed a vault guard
 12771 | D:13     | Noticed a vault guard
 12771 | D:13     | Noticed a vault guard
 12771 | D:13     | Noticed a vault guard
 12771 | D:13     | Noticed a vault guard
 12771 | D:13     | Noticed a vault guard
 12772 | D:13     | Noticed a vault guard
 12786 | D:13     | Killed a vault guard
 12796 | D:13     | Killed a vault guard
 12809 | D:13     | Killed a vault guard
 12842 | D:13     | Killed a vault guard
 12842 | D:13     | Reached skill level 13 in Shields
 12850 | D:13     | Killed a vault guard
 12850 | D:13     | Reached XP level 14. HP: 101/111 MP: 14/14
 13095 | D:13     | Reached ****** piety under Makhleb
 13296 | D:13     | Reached skill level 14 in Shields
 13311 | D:13     | Found a shadowy altar of Dithmenos.
 13885 | D:14     | Reached skill level 5 in Stealth
 14371 | D:15     | Entered Level 15 of the Dungeon
 14439 | D:15     | Reached skill level 15 in Shields
 14439 | D:15     | Reached XP level 15. HP: 120/120 MP: 15/15
 14455 | D:15     | Gained mutation: You have sharp toenails. [potion of
                  | mutation]
 14455 | D:15     | Gained mutation: You are partially covered in molten
                  | scales. (AC +2) [potion of mutation]
 14525 | D:15     | Reached skill level 15 in Long Blades
 14533 | D:15     | Found a staircase to the Depths.
 15036 | D:10     | Killed Renjy's ghost
 15046 | D:10     | Killed a fire giant
 15127 | D:10     | Killed a lich
 15218 | Lair:1   | Entered Level 1 of the Lair of Beasts
 15647 | Lair:1   | Noticed Joseph
 15661 | Lair:1   | Killed Joseph
 16104 | Lair:2   | Reached skill level 16 in Shields
 16179 | Lair:2   | Found a staircase to the Swamp.
 18168 | Lair:3   | Found a hole to the Spider Nest.
 18622 | Lair:4   | Reached skill level 1 in Evocations
 19276 | Lair:5   | Reached skill level 10 in Armour
 19340 | Lair:5   | Reached XP level 16. HP: 129/129 MP: 16/16
 19678 | Lair:5   | Found a viscous altar of Jiyva.
 19679 | Lair:5   | Found a staircase to the Slime Pits.
 19852 | Lair:6   | Entered Level 6 of the Lair of Beasts
 20675 | Lair:6   | Reached skill level 17 in Shields
 21417 | Orc:1    | Entered Level 1 of the Orcish Mines
 21843 | Orc:2    | Entered Level 2 of the Orcish Mines
 21843 | Orc:2    | Found a staircase to the Elven Halls.
 21927 | Orc:2    | Found a gate leading to a gauntlet.
 21936 | Gauntlet | Entered a Gauntlet
 21936 | Gauntlet | Found a transporter.
 21939 | Gauntlet | Found a transporter.
 21944 | Gauntlet | Found a transporter.
 21945 | Gauntlet | Found a transporter.
 21986 | Gauntlet | Found a transporter.
 22006 | Gauntlet | Found a transporter.
 22020 | Gauntlet | Found a transporter.
 22024 | Gauntlet | Found a transporter.
 22029 | Gauntlet | Found a transporter.
 22029 | Gauntlet | Found a transporter.
 22033 | Gauntlet | Found a transporter.
 22071 | Gauntlet | Found a transporter.
 22180 | Gauntlet | Got a pair of slimy boots
 22186 | Gauntlet | Identified the +1 pair of boots "Rin Muobb" {Dex+3} (You
                  | found it in a Gauntlet)
 22360 | Orc:2    | Found a roughly hewn altar of Beogh.
 22407 | Orc:2    | Found a roughly hewn altar of Beogh.
 22408 | Orc:2    | Found Sysuikie's Magic Scroll Boutique.
 22452 | Orc:2    | Bought a scroll of identify for 30 gold pieces
 22452 | Orc:2    | Bought a scroll of identify for 30 gold pieces
 22452 | Orc:2    | Bought a scroll of identify for 30 gold pieces
 22452 | Orc:2    | Bought a scroll of identify for 30 gold pieces
 22519 | Orc:2    | Found a roughly hewn altar of Beogh.
 22536 | Orc:2    | Found Plog's Gadget Boutique.
 22650 | Orc:2    | Found a roughly hewn altar of Beogh.
 22743 | Orc:1    | Reached XP level 17. HP: 139/139 MP: 17/17
 22858 | Orc:2    | Found a roughly hewn altar of Beogh.
 23121 | Orc:2    | Reached skill level 18 in Shields
 23123 | Orc:2    | Noticed Saint Roka
 23126 | Orc:2    | Found Qod Uhad's Antique Weapon Shoppe.
 23129 | Orc:2    | Found a roughly hewn altar of Beogh.
 23158 | Orc:2    | Killed Saint Roka
 23165 | Orc:2    | Found Fefaiq Nitam's Antique Armour Emporium.
 23245 | Orc:2    | Found a roughly hewn altar of Beogh.
 23323 | Orc:2    | Found a roughly hewn altar of Beogh.
 23427 | Orc:2    | Found a roughly hewn altar of Beogh.
 23852 | Depths:1 | Entered Level 1 of the Depths
 25074 | Depths:1 | Reached skill level 19 in Shields
 25670 | Depths:1 | Slain by a frost giant (illusionary)

Skill      XL: |  1  2  3  4  5  6  7  8  9 10 11 12 13 14 15 16 17 |
---------------+----------------------------------------------------+-----
Shields        | 4 5 6 8 9 10 11 13 15 16 17 19 | 19.2
Long Blades    | 3 4 5 7 9 10 11 13 14 15 16 | 16.5
Dodging        | 1 2 3 4 5 |  5.7
Fighting       | 4 5 6 7 9 10 11 12 14 | 14.7
Armour         | 4 5 6 7 8 9 10 11 | 11.2
Throwing       | 1 2 3 4 |  4.1
Stealth        | 1 3 4 5 |  5.0
Polearms       | 2 |  2.3
Evocations     | 1 |  1.3

Action                   |  1- 3 |  4- 6 |  7- 9 | 10-12 | 13-15 | 16-18 || total
-------------------------+-------+-------+-------+-------+-------+-------++-------
Melee: Long sword        |   101 |    63 |       |       |       |       ||   164
       Scimitar          |       |    80 |   335 |   594 |  1015 |   931 ||  2955
       Glaive            |       |       |       |       |    19 |       ||    19
       Kick              |       |       |       |       |   214 |   216 ||   430
Throw: Stone             |    27 |    36 |    11 |     2 |       |       ||    76
       Javelin           |       |       |     7 |    30 |    11 |    13 ||    61
       Tomahawk          |       |       |       |     4 |     1 |     3 ||     8
 Abil: Dig               |       |     1 |     3 |    19 |    27 |    16 ||    66
Evoke: Wand              |       |       |       |       |     7 |       ||     7
  Use: Scroll            |     3 |    10 |     6 |     6 |     9 |    10 ||    44
       Potion            |       |       |       |     7 |     3 |     7 ||    17
 Stab: Paralysed         |       |     1 |       |       |       |       ||     1
       Distracted        |       |       |     1 |       |     2 |       ||     3
       Sleeping          |       |       |       |     3 |       |       ||     3
  Eat: Chunk             |     1 |     6 |    14 |     9 |    23 |    10 ||    63
       Ration            |       |       |       |     2 |     2 |     4 ||     8
Armor: Scale mail        |    39 |    11 |       |       |       |       ||    50
       Ring mail         |       |    35 |    54 |    25 |       |       ||   114
       Plate armour      |       |       |       |    42 |   114 |   170 ||   326
Dodge: Dodged            |    23 |    37 |   104 |   129 |   126 |   169 ||   588
Block: Shield            |    69 |    88 |   228 |   341 |   176 |       ||   902
       Reflection        |       |       |     4 |       |    30 |    31 ||    65
       Large shield      |       |       |       |       |   520 |   978 ||  1498
       Rpst.: Long sword |     9 |     5 |       |       |       |       ||    14
       Scimitar          |       |     6 |    32 |    35 |    23 |    38 ||   134
